 Dungeon Crawl Stone Soup version 0.30.0-29-ga12c61a403 (webtiles) character file.

Game seed: 662028321744174607

93 javelincjr the Ducker (level 4, 0/31 HPs)
             Began as a Djinni Hedge Wizard on June 8, 2023.
             Was a Follower of Qazlal.
             Slain by an orc
             ... wielding a +0 club
              (4 damage)
             ... on level 4 of the Dungeon.
             The game lasted 00:06:06 (2481 turns).

javelincjr the Ducker (Djinni Hedge Wizard)         Turns: 2481, Time: 00:06:06

Health: 0/31       AC:  3    Str:  9    XL:     4   Next: 91%
Gold:   204        EV: 13    Int: 17    God:    Qazlal [*.....] SH:  1 Dex: 13

rFire   + + .        n - +0 hand axe (heavy)
rCold   x . .        (no shield)
rNeg    . . .        b - +0 robe
rPois   ∞            c - +0 hat
rElec   .            q - +0 cloak
rCorr   .            (no gloves)
SInv    .            (boots unavailable)
Will    .....        l - amulet of regeneration
Stlth   ++           (no ring)
HPRegen 1.05/turn    (no ring)
MPRegen 0.00/turn

%: infuse magic (-1 HP)
@: flying
A: sickness immunity, fire resistance 2, cold vulnerability 1, float, innate
caster, HP casting, extra vitality 1
a: Renounce Religion


You were on level 4 of the Dungeon.
You worshipped Qazlal.
Qazlal was aware of your devotion.
You visited 1 branch of the dungeon, and saw 4 of its levels.

You collected 204 gold pieces.

Inventory:

Hand Weapons
 a - a +0 dagger
 n - a +0 heavy hand axe (weapon)
Armour
 b - a +0 robe (worn)
 c - a +0 hat (worn)
 q - a +0 cloak (worn)
Jewellery
 d - an amulet of faith
 l - an amulet of regeneration (around neck)
Scrolls
 e - 2 scrolls of teleportation {unknown}
 i - 2 scrolls of poison {unknown}
 o - a scroll of identify {unknown}
 s - a scroll of fog {unknown}
Potions
 f - a potion of curing {unknown}
 g - 3 potions of degeneration {unknown}
 h - 2 potions of flight {unknown}
 j - 2 potions of attraction {unknown}
 k - a potion of cancellation {unknown}
 m - a potion of haste {unknown}
 p - a potion of heal wounds {unknown}
 r - a potion of might {unknown}


   Skills:
 * Level 0.0 Fighting
 + Level 0.1 Armour
 + Level 3.4 Dodging
 - Level 2.6 Stealth
 * Level 3.0 Spellcasting
 + Level 0.0 Invocations


You knew the following spells:

 Your Spells              Type           Power      Damage    Failure   Level
a - Magic Dart            Conj           52%        1d5       4%          1
b - Slow                  Hex            52%        N/A       4%          1
c - Blink                 Tloc           26%        N/A       8%          2
d - Call Imp              Summ           26%        N/A       8%          2
e - Mephitic Cloud        Conj/Pois/Air  13%        N/A       14%         3
f - Beastly Appendage     Tmut           26%        N/A       4%          1
Your spell library was empty.

Dungeon Overview and Level Annotations

Branches:
Dungeon (4/15)
 Temple: D:4-7

Altars:
Qazlal


Innate Abilities, Weirdness & Mutations

You are immune to sickness and miasma.
You are immune to poison.
Your flesh is very heat resistant. (rF++)
You are vulnerable to cold. (rC-)
You float through the air rather than walking.
You learn spells naturally, not from books.
Your magical power is your life essence.
You have superior vitality. (+4 MHP)


Message History

You escape the ball python's grasp.
You swap places.
The iguana barely misses your cerulean imp.
Your cerulean imp hits the iguana with a -3 spear.
You slash the ball python!
You kill the ball python!
Qazlal accepts your kill.
The iguana barely misses your cerulean imp.
Your cerulean imp barely misses the iguana.
The orc hits you with a +0 club.
* * * LOW HITPOINT WARNING * * *
The iguana bites your cerulean imp!
Your cerulean imp barely misses the iguana.
You hit the orc but do no damage.
The iguana bites your cerulean imp but does no damage.
The orc barely misses you.
Your cerulean imp hits the iguana but does no damage.
The orc closely misses you.
The iguana closely misses your cerulean imp.
Your cerulean imp hits the iguana with a -3 spear.
You hit the orc.
The orc is heavily wounded.
The iguana barely misses your cerulean imp.
The orc barely misses you.
Your cerulean imp hits the iguana but does no damage.
The orc barely misses you. The iguana bites your cerulean imp.
Your cerulean imp dies!
Your cerulean imp disappears in a puff of smoke!
The iguana hisses angrily.
You hit the orc but do no damage.
The orc is heavily wounded.
The orc hits you with a +0 club. The orc barely misses you.
You block the iguana's attack.
Casting: Call Imp (safe; 8% risk of failure)
Confirm with . or Enter, or press ? or * to list all spells.
A tiny devil pulls itself out of the air.
* * * LOW HITPOINT WARNING * * *
The orc completely misses you. The iguana bites you.
* * * LOW HITPOINT WARNING * * *
The orc hits you with a +0 club.
You die...

##### #...##
#.o@.#
#..⌠..5l..#
#............#
#.....⌠.....##
#..<........#
#.....⌠.......
#...........#.#
##..⌠.......##.


You could see an iguana (ally target), an orc and a friendly cerulean imp
(summoned).

Vanquished Creatures
  An adder (D:2)
  An ufetubus (D:3)
  A worm (D:3)
  2 orcs (D:3)
  9 endoplasms
  4 giant cockroaches
  6 goblins
  5 hobgoblins
  A jackal (D:3)
  4 kobolds
  4 quokkas
  12 ball pythons
  7 bats
  5 frilled lizards
  A rat (D:1)
63 creatures vanquished.

Notes
Turn   | Place    | Note
-------+----------+-------------------------------------------
     0 | D:1      | javelincjr the Djinni Hedge Wizard began the quest for the
                  | Orb.
     0 | D:1      | javelincjr set off with the following spells memorised:
                  | Magic Dart, Slow, Blink, Call Imp, Mephitic Cloud.
     0 | D:1      | Reached XP level 1. HP: 15/15 MP: 0/0
    82 | D:1      | Reached XP level 2. HP: 14/21 MP: 0/0
   589 | D:1      | Reached XP level 3. HP: 21/25 MP: 0/0
   589 | D:1      | Learned a level 1 spell: Beastly Appendage
  1369 | D:2      | Reached XP level 4. HP: 26/31 MP: 0/0
  1577 | D:2      | Found a stormy altar of Qazlal.
  1583 | D:2      | Became a worshipper of Qazlal Stormbringer
  2471 | D:4      | Reached * piety under Qazlal
  2481 | D:4      | Slain by an orc

Illustrated notes

Levels and vault maps discovered:
D:1:      saegor_arrival_miasma, layout_basic,
          nicolae_concentric_dashed_squares_mild
D:2:      layout_basic, basic_altar, hex_tiny, minmay_crystal_water,
          chequers_serial_rivers_large_a
D:3:      layout_basic, minmay_diced_spiral
D:4:      minmay_angry_zag, layout_cave_pools, nicolae_qazlal_scattered_showers,
          mainiacjoe_overflow_tiny_flanked, chequers_ossuary_entry_cave,
          grunt_ministairs_9, minmay_checkerbox

Skill      XL: |  1  2  3  4 |
---------------+-------------+-----
Stealth        | 2 |  2.6
Dodging        | 3 |  3.4
Spellcasting   | 3 |  3.0
Armour         | |  0.1

Action                     |  1- 3 |  4- 6 || total
---------------------------+-------+-------++-------
  Melee: Dagger            |    16 |       ||    16
         Hand axe          |       |    49 ||    49
   Cast: Magic Dart        |    82 |    30 ||   112
         Call Imp          |       |     3 ||     3
   Stab: Sleeping          |       |     3 ||     3
 Armour: Robe              |     8 |    19 ||    27
  Dodge: Dodged            |    26 |    70 ||    96
  Block: Other             |       |     1 ||     1
